 Dungeon Crawl Stone Soup version 0.28.0 (webtiles) character file.

Game seed: 9175983810685312375

73 Host24 the Bolt Thrower (level 4, -1/28 HPs)
             Began as a Kobold Hunter on Feb 26, 2022.
             Slain by a wyvern skeleton (3 damage)
             ... on level 3 of the Dungeon.
             The game lasted 00:04:29 (3213 turns).

Host24 the Bolt Thrower (Kobold Hunter)             Turns: 3213, Time: 00:04:29

Health: -1/28      AC:  3    Str: 11    XL:     4   Next: 51%
Magic:  4/4        EV: 15    Int: 12    God:
Gold:   55         SH:  0    Dex: 15    Spells: 3/3 levels left

rFire   . . .      SeeInvis .   a - +1 hand crossbow
rCold   . . .      Faith    .   (no shield)
rNeg    . . .      Spirit   .   c - +0 leather armour
rPois   .          Reflect  .   (no helmet)
rElec   .          Harm     .   (no cloak)
rCorr   .          Rampage  .   (no gloves)
Will    .....                   (no boots)
Stlth   +++.......              (no amulet)
HPRegen 0.09/turn               (no ring)
MPRegen 0.09/turn               (no ring)

@: no status effects
A: small, no large weapons, nightstalker 3
a: no special abilities


You were on level 3 of the Dungeon.
You visited 1 branch of the dungeon, and saw 3 of its levels.

You collected 55 gold pieces.

Inventory:

Hand Weapons
 a - a +1 hand crossbow (weapon)
 b - a +0 short sword
 l - a +0 dagger of venom
 p - a +2 vorpal spear
Missiles
 d - 23 bolts (quivered ammo)
 e - a stone
 j - 21 sling bullets
 m - 4 curare-tipped darts
Armour
 c - a +0 leather armour (worn)
Scrolls
 f - a scroll of fear {unknown}
 g - a scroll of teleportation {unknown}
 i - 2 scrolls of fog {unknown}
 n - a scroll of magic mapping {unknown}
 o - a scroll of blinking {unknown}
Potions
 h - a potion of might {unknown}
 k - 2 potions of curing
 q - a potion of attraction {unknown}
 r - a potion of haste {unknown}


   Skills:
 - Level 3.0 Fighting
 + Level 5.9 Crossbows
 - Level 3.4 Dodging
 - Level 1.3 Stealth


You had 3 spell levels left.
You didn't know any spells.
Your spell library was empty.

Dungeon Overview and Level Annotations

Branches:
Dungeon (3/15)

Altars:


Innate Abilities, Weirdness & Mutations

You are small and have problems with some larger weapons.
You are completely attuned to the shadows.


Message History

The wyvern skeleton closely misses you.
Fire: 29 bolts
Press: ? - help, Q - select action, (/) - cycle Shift-Dir - straight line, f - wyvern skeleton
Aim: a wyvern skeleton (moderately damaged, 88% to hit)
You shoot a bolt. The bolt hits the wyvern skeleton.
The wyvern skeleton is moderately damaged.
The wyvern skeleton misses you.
Fire: 28 bolts
Press: ? - help, Q - select action, (/) - cycle Shift-Dir - straight line, f/p - wyvern skeleton
Aim: a wyvern skeleton (moderately damaged, 88% to hit)
You shoot a bolt. The bolt hits the wyvern skeleton.
The wyvern skeleton is heavily damaged.
The wyvern skeleton misses you. x2
Fire: 27 bolts
Press: ? - help, Q - select action, (/) - cycle Shift-Dir - straight line, f/p - wyvern skeleton
Aim: a wyvern skeleton (heavily damaged, 88% to hit)
You shoot a bolt. The bolt hits the wyvern skeleton!
The wyvern skeleton is severely damaged.
The wyvern skeleton bites you!
* * * LOW HITPOINT WARNING * * *
Fire: 26 bolts
Press: ? - help, Q - select action, (/) - cycle Shift-Dir - straight line, f/p - wyvern skeleton
Aim: a wyvern skeleton (severely damaged, 88% to hit)
You shoot a bolt. The bolt hits the wyvern skeleton.
The wyvern skeleton is almost destroyed.
The wyvern skeleton barely misses you.
The wyvern skeleton completely misses you.
Fire: 25 bolts
Press: ? - help, Q - select action, (/) - cycle Shift-Dir - straight line, f/p - wyvern skeleton
Aim: a wyvern skeleton (almost destroyed, 88% to hit)
You shoot a bolt.
The bolt barely misses the wyvern skeleton.
The wyvern skeleton misses you.
Fire: 24 bolts
Press: ? - help, Q - select action, (/) - cycle Shift-Dir - straight line, f/p - wyvern skeleton
Aim: a wyvern skeleton (almost destroyed, 88% to hit)
You shoot a bolt.
The bolt barely misses the wyvern skeleton.
The wyvern skeleton bites you.
You die...

###### #....#
#.##.### ######
#.##...# #..(.#
#.####.# #....#
#.####.## #..Z.#
........######..@.#
.............+....+
..#......#####....#
..#.#..........####
......#>.#.###.# .#
.###....# #... .
#.#### #.### #. ###


You could see a wyvern skeleton.

Vanquished Creatures
  2 adders (D:2)
  An adder skeleton (D:3)
  4 worms
  6 endoplasms
  A giant cockroach (D:2)
  3 goblins
  4 hobgoblins
  2 jackals (D:1)
  2 quokkas
  3 ball pythons
  4 bats
  2 frilled lizards
  3 kobolds (D:1)
  4 rats
41 creatures vanquished.

Notes
Turn   | Place    | Note
-------+----------+-------------------------------------------
     0 | D:1      | Host24 the Kobold Hunter began the quest for the Orb.
     0 | D:1      | Reached XP level 1. HP: 12/12 MP: 1/1
    21 | D:1      | Reached skill level 5 in Crossbows
   222 | D:1      | Reached XP level 2. HP: 18/18 MP: 2/2
  1307 | D:2      | Reached XP level 3. HP: 7/23 MP: 3/3
  2205 | D:2      | Reached XP level 4. HP: 17/28 MP: 4/4
  3213 | D:3      | Slain by a wyvern skeleton

Illustrated notes

Levels and vault maps discovered:
D:1:      dpeg_arrival_windows_large_door, layout_loops_ring
D:2:      layout_basic, kennysheep_generic_room_9
D:3:      layout_basic

Skill      XL: |  1  2  3 |
---------------+----------+-----
Crossbows      | 5 |  5.9
Fighting       | 3 |  3.0
Dodging        | 3 |  3.4
Stealth        | |  1.3

Action                   |  1- 3 |  4- 6 || total
-------------------------+-------+-------++-------
Melee: Short sword       |    94 |       ||    94
       Punch             |     1 |     1 ||     2
       Dagger            |    10 |    16 ||    26
       Spear             |       |    25 ||    25
 Fire: Hand crossbow     |    14 |     6 ||    20
  Use: Potion            |     1 |       ||     1
 Stab: Sleeping          |     6 |     3 ||     9
       Distracted        |     1 |       ||     1
Armor: Leather armour    |    30 |     4 ||    34
Dodge: Dodged            |    75 |    39 ||   114
